 Dungeon Sprint DCSS version 0.30-a0-782-ge64f9170bb (webtiles) character file.

Game seed: 14636350965514899800

7485 PLAYERX the Fencer (level 10, -11/94 HPs)
             Began as a Minotaur Monk on Feb 18, 2023.
             Was a High Priest of Hepliaklqana.
             Mangled by a redback (13 damage)
             ... in the Dungeon (Sprint VII: "The Pits").
             The game lasted 00:17:30 (1595 turns).

PLAYERX the Fencer (Minotaur Monk)                  Turns: 1595, Time: 00:17:31

Health: -11/94     AC: 19    Str: 20    XL:     10   Next: 94%
Magic:  9/9        EV: 14    Int:  7    God:    Hepliaklqana [*****.]
Gold:   0          SH:  0    Dex: 13    Spells: 9/9 levels left

rFire   . . .      SeeInvis .    a - +2 long sword (holy)
rCold   . . .      Faith    .    (no shield)
rNeg    . . .      Spirit   .    b - +3 plate armour
rPois   .          Reflect  .    (helmet restricted)
rElec   .          Harm     .    (no cloak)
rCorr   .          Rampage  .    (no gloves)
Will    .....      NoTele   +    (no boots) Stlth
                                 (no amulet)
HPRegen 0.35/turn                f - +3 ring of evasion
MPRegen 0.11/turn                (no ring)

@: on berserk cooldown, slowed, very slow
A: reduced essence, horns 2, retaliatory headbutt
a: Renounce Religion, Recall Ancestor, Ancestor Identity, Transference, Idealise


You were in the Dungeon.
You worshipped Hepliaklqana.
Hepliaklqana was extremely pleased with you.
You visited 1 branch

Inventory:

Hand Weapons
 a - a +2 long sword of holy wrath (weapon)
Armour
 b - a +3 plate armour (worn)
Jewellery
 f - a +3 ring of evasion (left hand)
Scrolls
 i - a scroll of blinking
 n - 5 scrolls of amnesia
 o - a scroll of summoning
Potions
 d - a potion of curing
 e - a potion of heal wounds
 g - 4 potions of magic
 h - a potion of haste
 k - a potion of brilliance
 l - a potion of berserk rage
 m - 2 potions of invisibility


   Skills:
 + Level 15.3 Fighting
 + Level 19.0 Long Blades
 + Level 14.4 Armour
 + Level 11.3 Dodging
 + Level 7.2 Stealth


You had 9 spell levels left.
You didn't know any spells.
Your spell library was empty.

Dungeon Overview and Level Annotations

Branches:
Dungeon (1/1)

Altars:
Ashenzari
Cheibriados
Dithmenos
Elyvilon
Fedhas
Gozag
Hepliaklqana
Kikubaaqudgha
Makhleb
Nemelex Xobeh
Okawaru
Qazlal
Ru
Sif Muna
Trog
Uskayaw
Vehumet
Wu Jian
Xom
Yredelemnul
Zin
The Shining One
Jiyva
Lugonu


Innate Abilities, Weirdness & Mutations

Your life essence is reduced to manifest your ancestor. (-10% HP)
You have a pair of horns on your head.
You reflexively headbutt those who attack you in melee.


Message History

The ufetubus disappears in a puff of smoke! x2
The redback bites you.
* * * LOW HITPOINT WARNING * * *
You feel much better. The redback closely misses you.
The jumping spider misses you. You furiously retaliate!
You headbutt the jumping spider. The jumping spider closely misses you.
The redback bites you but does no damage.
The jumping spider pounces on you but does no damage.
The jumping spider bites you but does no damage.
The jumping spider pounces on you.
You are caught in a web!
The jumping spider bites you but does no damage.
The redback barely misses you.
You feel much better. The jumping spider pounces on you.
You are even more entangled.
The jumping spider bites you but does no damage.
The redback bites you.
You are poisoned.
The redback poisons you! The jumping spider pounces on you!
The jumping spider bites you but does no damage.
The redback bites you!
You are more poisoned.
The redback poisons you!
The web tears apart.
* * * LOW HITPOINT WARNING * * *
You feel extremely sick. The redback bites you.
* * * LOW HITPOINT WARNING * * *
The jumping spider barely misses you.
The jumping spider bites you but does no damage.
The jumping spider closely misses you. You furiously retaliate!
You headbutt the jumping spider.
The jumping spider bites you but does no damage.
The redback barely misses you.
You feel better. The redback bites you.
* * * LOW HITPOINT WARNING * * *
The jumping spider pounces on you!
* * * LOW HITPOINT WARNING * * *
The jumping spider bites you but does no damage.
The redback bites you!
You die...

....# ....# #####
########### ##########
...'..'...###........#
...'..'.....##......#
..##..##...÷.##....#
###....###....#....#
#........###.###@s#
...#..#...#.÷..#)s#
..........'....†..+
...#..#...#....#..#
#........###.###..#
###....###....#....#
..##.)##.....##....#
..†'..))....##......
..)'.÷))[.### .......


You could see a jumping spider and a redback.

Vanquished Creatures
  Gastronok (D)
  A two-headed ogre (D)
  2 deep elf zephyrmancers (D)
  A cyclops (D)
  A black mamba (D)
  A freezing wraith (D)
  A rime drake (D)
  An efreet (D)
  A hornet (D)
  A blink frog (shapeshifter) (D)
  A jumping spider (D)
  A ynoxinul (D)
  2 fire bats (D)
  3 redbacks (D)
  An orc warrior (D)
  A sky beast (D)
  A black bear (D)
  A wolf (D)
  A small abomination (D)
  A scorpion (D)
  2 orc priests (D)
  2 orc wizards (D)
  2 iguanas (D)
  2 mummies (D)
  A gnoll (D)
  A river rat (D)
  2 adders (D)
  3 orcs (D)
  3 bats (D)
  4 jackals (D)
  3 quokkas (D)
  A ball python (D)
  A ball python zombie (D)
  A frilled lizard (D)
  A goblin (D)
53 creatures vanquished.

Vanquished Creatures (collateral kills)
  A deep elf pyromancer (D)
  A wolf spider (D)
  An orange demon (D)
  A cane toad (D)
  A centaur (D)
  A jelly (D)
  An orc (D)
  A hobgoblin (D)
8 creatures vanquished.

Vanquished Creatures (others)
  4 hexers (D)
4 creatures vanquished.

Grand Total: 65 creatures vanquished

Notes
Turn   | Place    | Note
-------+----------+-------------------------------------------
     0 | D        | PLAYERX the Minotaur Monk began the quest for the Orb.
     0 | D        | Reached XP level 1. HP: 19/19 MP: 0/0
    26 | D        | Found a bloodstained altar of Trog.
    26 | D        | Found a shimmering blue altar of Sif Muna.
    26 | D        | Found a viscous altar of Jiyva.
    26 | D        | Found a hazy altar of Hepliaklqana.
    26 | D        | Found an opulent altar of Gozag.
    27 | D        | Found a glowing golden altar of the Shining One.
    27 | D        | Found a glowing silver altar of Zin.
    27 | D        | Found a basalt altar of Yredelemnul.
    27 | D        | Found a shimmering altar of Xom.
    27 | D        | Found an ornate altar of the Wu Jian Council.
    27 | D        | Found a sacrificial altar of Ru.
    27 | D        | Found a stormy altar of Qazlal.
    27 | D        | Found an iron altar of Okawaru.
    27 | D        | Found a sparkling altar of Nemelex Xobeh.
    27 | D        | Found a burning altar of Makhleb.
    27 | D        | Found a blossoming altar of Fedhas.
    27 | D        | Found a white marble altar of Elyvilon.
    27 | D        | Found a shadowy altar of Dithmenos.
    27 | D        | Found a snail-covered altar of Cheibriados.
    29 | D        | Found a radiant altar of Vehumet.
    29 | D        | Found a corrupted altar of Lugonu.
    30 | D        | Found a hide-covered altar of Uskayaw.
    30 | D        | Found an ancient bone altar of Kikubaaqudgha.
    30 | D        | Found a broken altar of Ashenzari.
    37 | D        | Became a worshipper of Hepliaklqana the Forgotten
    37 | D        | Reached * piety under Hepliaklqana
    37 | D        | Reached ** piety under Hepliaklqana
    66 | D        | Reached skill level 4 in Long Blades
    66 | D        | Reached XP level 2. HP: 25/25 MP: 1/1
    76 | D        | Reached skill level 5 in Fighting
    76 | D        | Reached skill level 5 in Long Blades
    85 | D        | Reached skill level 5 in Dodging
    85 | D        | Reached XP level 3. HP: 25/32 MP: 2/2
    91 | D        | Remembered your ancestor PLAYERY as a hexer
   216 | D        | Reached *** piety under Hepliaklqana
   216 | D        | Noticed an orc warrior
   217 | D        | Noticed a sky beast
   220 | D        | Reached skill level 6 in Long Blades
   234 | D        | Killed a sky beast
   235 | D        | Reached skill level 7 in Long Blades
   235 | D        | Reached skill level 1 in Armour
   235 | D        | Reached XP level 4. HP: 42/42 MP: 3/3
   235 | D        | Reached XP level 5. HP: 46/46 MP: 4/4
   238 | D        | Killed an orc warrior
   239 | D        | Reached skill level 9 in Long Blades
   243 | D        | Reached XP level 6. HP: 46/55 MP: 5/5
   318 | D        | Noticed a deep elf pyromancer
   321 | D        | Killed a deep elf pyromancer
   322 | D        | Reached skill level 10 in Fighting
   322 | D        | Reached skill level 12 in Long Blades
   322 | D        | Reached XP level 7. HP: 64/64 MP: 6/6
   323 | D        | Noticed a fire bat
   336 | D        | Killed a fire bat
   337 | D        | Reached skill level 13 in Long Blades
   337 | D        | Reached skill level 10 in Dodging
   337 | D        | Reached skill level 5 in Stealth
   348 | D        | Noticed a hornet
   348 | D        | Noticed a cyclops
   358 | D        | Reached skill level 5 in Armour
   358 | D        | Reached XP level 8. HP: 20/72 MP: 7/7
   362 | D        | Killed a hornet
   366 | D        | Killed a cyclops
   367 | D        | Reached skill level 14 in Long Blades
   630 | D        | Reached **** piety under Hepliaklqana
   737 | D        | Noticed an efreet
   747 | D        | Killed an efreet
   748 | D        | Reached skill level 15 in Long Blades
   938 | D        | Reached ***** piety under Hepliaklqana
   939 | D        | Noticed a freezing wraith
   939 | D        | Noticed a wolf spider
   948 | D        | Killed a wolf spider
   949 | D        | Reached skill level 16 in Long Blades
   949 | D        | Reached XP level 9. HP: 66/81 MP: 8/8
   952 | D        | Killed a freezing wraith
  1018 | D        | Noticed an orange demon
  1033 | D        | Killed an orange demon
  1206 | D        | Noticed a deep elf zephyrmancer
  1206 | D        | Noticed a rime drake
  1209 | D        | Noticed a black mamba
  1211 | D        | Killed a rime drake
  1212 | D        | Reached skill level 17 in Long Blades
  1212 | D        | Noticed Gastronok
  1215 | D        | Killed a deep elf zephyrmancer
  1216 | D        | Reached skill level 10 in Armour
  1218 | D        | Killed a black mamba
  1219 | D        | Reached XP level 10. HP: 48/90 MP: 9/9
  1241 | D        | Killed Gastronok
  1242 | D        | Reached skill level 18 in Long Blades
  1308 | D        | Noticed a cane toad
  1312 | D        | Killed a cane toad
  1332 | D        | Noticed a deep elf zephyrmancer
  1335 | D        | Killed a deep elf zephyrmancer
  1543 | D        | Noticed a two-headed ogre
  1578 | D        | Killed a two-headed ogre
  1578 | D        | HP: 2/93 [redback (13)]
  1579 | D        | Reached skill level 15 in Fighting
  1579 | D        | Reached skill level 19 in Long Blades
  1590 | D        | HP: 4/94 [poisoned by a redback]
  1595 | D        | HP: 2/94 [jumping spider (9)]
  1595 | D        | Mangled by a redback

Illustrated notes

Levels and vault maps discovered:
D:        pitsprint [storerooms_1, entrance_room_1, metal_vault_4, armoury_1,
          mini_pit_1, grid_room_1, main_hall_1, silver_pit, the_coven_1,
          the_vestibule_1, steel_vault_2, golden_pit, hallway_of_sentries,
          crystal_vault_2, iron_vault_1, final_vault]

Skill      XL: |  1  2  3  4  5  6  7  8  9 10 |
---------------+-------------------------------+-----
Fighting       | 4 5 7 8 10 11 13 15 | 15.3
Long Blades    | 4 5 7 9 12 13 16 17 19 | 19.0
Dodging        | 4 5 7 8 9 10 11 | 11.3
Stealth        | 2 3 4 5 6 7 |  7.2
Armour         | 1 4 5 8 10 14 | 14.4

Action                     |  1- 3 |  4- 6 |  7- 9 | 10-12 || total
---------------------------+-------+-------+-------+-------++-------
  Melee: Falchion          |    21 |       |       |       ||    21
         Headbutt          |     3 |     2 |    15 |    16 ||    36
         Long sword        |    13 |    18 |    60 |    60 ||   151
         Punch             |     1 |       |       |     1 ||     2
 Invoke: Ancestor Identity |     2 |       |       |       ||     2
         Ancestor Life: He |     1 |       |       |       ||     1
    Use: Potion            |     3 |       |     5 |    15 ||    23
   Stab: Sleeping          |     1 |       |       |       ||     1
         Confused          |       |       |     2 |       ||     2
         Distracted        |       |       |       |     2 ||     2
 Armour: Robe              |     4 |       |       |       ||     4
         Plate armour      |    11 |     4 |    28 |    74 ||   117
  Dodge: Dodged            |    16 |     5 |    39 |    96 ||   156

Table legend: (Time is in decaauts)
 A = Elapsed time spent in this place.
 B = Non-inter-level travel time spent in this place.
 C = Inter-level travel time spent in this place.
 D = Time resting spent in this place.
 E = Time spent auto-exploring this place.
 F = Levels seen in this place.
 G = Mean time per level.
                   A        B        C        D        E       F      G
               +--------+--------+--------+--------+--------+-----+--------+
         Total |   1608 |   1608 |      0 |    926 |      0 |   1 | 1608.0 |
       Dungeon |   1608 |   1608 |      0 |    926 |      0 |   1 | 1608.0 |
               +--------+--------+--------+--------+--------+-----+--------+

Top non-repeatable levels by time:
       D: 1608 daAuts
